 Dungeon Crawl Stone Soup version 0.20-a0-522-g0b37eee (webtiles) character file.

23 M4edhros the Sneak (level 2, -5/18 HPs)
             Began as an Octopode Artificer on Jan 25, 2017.
             Slain by Sigmund
             ... wielding a +0 scythe
              (9 damage)
             ... on level 2 of the Dungeon.
             The game lasted 00:00:50 (911 turns).

M4edhros the Sneak (Octopode Artificer)              Turns: 911, Time: 00:00:51

Health: -5/18      AC:  1    Str: 11    XL:     2   Next: 95%
Magic:  4/4        EV: 13    Int: 13    God:
Gold:   27         SH:  0    Dex: 12    Spells: 1/1 levels left

rFire    . . .     SeeInvis .   k - -3 short sword (curse)
rCold    . . .     Gourm    .   (no shield)
rNeg     . . .     Faith    .   (helmet restricted)
rPois    .         Spirit   .   (no amulet)
rElec    .         Reflect  .   (no ring)
rCorr    .         Harm     .   (no ring)
MR       .....                  (no ring)
Stlth    +++.......             (no ring)
Regen    0.1/turn               (no ring)
                                (no ring)
                                (no ring)
                                (no ring)

@: no status effects
A: almost no armour, stealthy swim, amphibious, 8 rings, constrict 8, camouflage
1, gelatinous body 1
a: no special abilities


You were on level 2 of the Dungeon.
You were not hungry.

You visited 1 branch of the dungeon, and saw 2 of its levels.

You collected 27 gold pieces.

Inventory:

Hand Weapons
 a - a +0 short sword
 k - a cursed -3 short sword (weapon)
Missiles
 i - 76 stones (quivered)
Wands
 b - a wand of flame (14/48)
 c - a wand of enslavement (13/24)
 d - a wand of random effects (15/48)
Scrolls
 j - a scroll of teleportation {unknown}
 l - a scroll of identify {unknown}
 m - a scroll of remove curse {unknown}
Potions
 e - a potion of ambrosia {unknown}
 g - a potion of cure mutation {unknown}
 h - a potion of mutation {unknown}
Comestibles
 f - 2 bread rations
 n - a royal jelly


   Skills:
 - Level 1.0 Fighting
 - Level 1.0 Short Blades
 - Level 2.0 Dodging
 + Level 4.1 Stealth
 - Level 3.2 Evocations


You had one spell level left.
You didn't know any spells.

Dungeon Overview and Level Annotations

Branches:
Dungeon (2/15)

Altars:

Annotations:
D:2 Sigmund


Innate Abilities, Weirdness & Mutations

You cannot wear most types of armour.
You are very stealthy in the water. (Stealth+)
You are amphibious.
You can wear up to eight rings at the same time.
You can use your tentacles to constrict eight enemies at once.
Your skin changes colour to match your surroundings (Stealth+).
Your rubbery body absorbs attacks. (AC +1, EV +1)


Message History

Aim: an adder (chance to defeat MR: 64%)
The adder is charmed.
This wand has 13 charges left.
The goblin misses your adder. What are your orders? t - Shout!
Orders for allies: a - Attack new target. p - Attack previous target. r - Retreat! s - Stop attacking. g - Guard the area. f - Follow me.
Anything else - Cancel.
Guard this area!
Your adder misses the goblin.
The goblin hits your adder with a dagger of freezing.
Your adder seems to slow down.
The goblin freezes your adder. Something hits you.
Your adder bites the goblin.
The goblin dies!
Something hits you!
* * * LOW HITPOINT WARNING * * *
There is a stone staircase leading up here.
Something hits you!
Ouch! That really hurt!
You die...

######## #......#
#......###
#........## #
#......#..###....
#......##@.......
####..######.....
##..# .... ###...#
... ##.....## ..
###..#....# #
######).....##....
.......#.####
#.... .......#.#
....


There were no monsters in sight!

Vanquished Creatures
  A dart slug (D:1)
  2 leopard geckos (D:1)
  3 goblins (D:1)
  A hobgoblin (D:1)
  8 kobolds (D:1)
  2 bats (D:1)
17 creatures vanquished.

Vanquished Creatures (collateral kills)
  A goblin (D:2)
1 creature vanquished.

Grand Total: 18 creatures vanquished

Notes
Turn   | Place    | Note
-------+----------+-------------------------------------------
     0 | D:1      | M4edhros the Octopode Artificer began the quest for the Orb.
     0 | D:1      | Reached XP level 1. HP: 13/13 MP: 3/3
    39 | D:1      | Reached skill level 2 in Stealth
   385 | D:1      | Reached XP level 2. HP: 13/18 MP: 4/4
   388 | D:1      | Reached skill level 3 in Stealth
   873 | D:1      | Reached skill level 4 in Stealth
   888 | D:2      | Noticed Sigmund
   911 | D:2      | Slain by Sigmund

Vault maps used:
D:1:      enne_arrival_octagon_isle, minmay_close_crescents
D:2:      elyvilon_altar_1, uniq_terence, uniq_sigmund

Skill      XL: |  1  2 |
---------------+-------+-----
Stealth        | 2 4 |  4.1
Fighting       | |  1.0
Short Blades   | |  1.0
Dodging        | |  2.0
Evocations     | |  3.2

Action                   || total
-------------------------++-------
Melee: Short sword       ||    34
       Constrict         ||     6
       Tentacles         ||     5
Evoke: Wand              ||     3
  Use: Scroll            ||     3
 Stab: Sleeping          ||     4
Armor: Skin              ||     3
Dodge: Dodged            ||    26
